 Dungeon Crawl Stone Soup version 0.28.0 (webtiles) character file.

Game seed: 12714596601776035804

117 mortz the Conjurer (level 5, -3/35 HPs)
             Began as a Human Conjurer on Feb 19, 2022.
             Hit by a boomerang thrown by an orc (5 damage)
             ... on level 3 of the Dungeon.
             The game lasted 00:13:34 (2813 turns).

mortz the Conjurer (Human Conjurer)                 Turns: 2813, Time: 00:13:35

Health: -3/35      AC:  2    Str:  8    XL:     5   Next: 22%
Magic:  3/8        EV: 12    Int: 20    God:
Gold:   102        SH:  0    Dex: 11    Spells: 5/8 levels left

rFire   . . .      SeeInvis .   f - +0 short sword
rCold   . . .      Faith    .   (no shield)
rNeg    . . .      Spirit   .   a - +0 robe
rPois   .          Reflect  .   (no helmet)
rElec   .          Harm     .   (no cloak)
rCorr   .          Rampage  .   (no gloves)
Will    .....                   (no boots)
Stlth   ++........              (no amulet)
HPRegen 0.11/turn               (no ring)
MPRegen 0.11/turn               (no ring)

@: no status effects
A: no striking features
a: no special abilities


You were on level 3 of the Dungeon.
You visited 1 branch of the dungeon, and saw 3 of its levels.

You collected 102 gold pieces.

Inventory:

Hand Weapons
 f - a +0 short sword (weapon)
Missiles
 k - 3 atropa-tipped darts
Armour
 a - a +0 robe (worn)
 e - a +0 ring mail
Scrolls
 c - 3 scrolls of identify
 d - 3 scrolls of teleportation
 g - 2 scrolls of torment
 l - a scroll of amnesia {unknown}
Potions
 b - a potion of heal wounds {unknown}
 h - a potion of flight {unknown}
 i - 2 potions of curing {unknown}
 j - a potion of haste {unknown}


   Skills:
 + Level 2.4 Dodging
 + Level 3.2 Stealth
 + Level 2.3 Spellcasting
 + Level 5.2 Conjurations


You had 5 spell levels left.
You knew the following spells:

 Your Spells              Type           Power      Damage    Failure   Level
a - Magic Dart            Conj           92%        1d7       1%          1
b - Searing Ray           Conj           46%        2d6       2%          2

Your spell library contained the following spells:

 Spells                   Type           Power      Damage    Failure   Level
 Animate Skeleton         Necr           4%         N/A       16%         1
 Pain                     Necr           8%         1d4       16%         1
 Dazzling Flash           Conj/Hex       24%        N/A       16%         3
 Vampiric Draining        Necr           2%         2d6       41%         3
 Fulminant Prism          Conj/Hex       6%         3d7       45%         4
 Iskenderun's Mystic Bla  Conj/Tloc      12%        2d5       45%         4


Dungeon Overview and Level Annotations

Branches:
Dungeon (3/15)

Altars:
Uskayaw


Message History

The orc wizard is almost dead.
The orc wizard barely misses you.
The orc wizard hits you with a +0 dagger.
You hit the orc wizard.
You kill the orc wizard!
An orc comes into view.
It is wielding a +0 flail of protection.
Your Stealth skill increases to level 3!
You have reached level 5!
An orc comes into view.
It is wielding a +0 dagger and carrying a wand of iceblast (7).
The orc shouts!
The orc throws a boomerang.
The boomerang hits you.
You open the door.
The orc zaps a wand.
The mass of ice explodes!
The iceblast engulfs you!
There is an open door here.
You close the door.
An orc opens the door.
Something unseen opens the door.
The orc throws a boomerang.
The boomerang hits you.
You start resting.
An orc is nearby!
Casting: Searing Ray (safe; 2% risk of failure)
Confirm with . or Enter, or press ? or * to list all spells.
Aiming: Searing Ray (safe; 2% risk of failure)
Press: ? - help, Shift-Dir - straight line, f - orc
Aim: an orc, wielding a +0 flail of protection (78% to hit)
The searing ray hits the orc.
The orc is severely wounded. (Press . to maintain the ray.)
The searing ray hits the orc.
You kill the orc!
You start resting.
An orc is nearby!
The orc zaps a wand.
The mass of ice explodes!
The iceblast engulfs you!
There is an open door here.
The orc zaps a wand.
The mass of ice explodes!
The iceblast engulfs you!
* * * LOW HITPOINT WARNING * * *
The orc throws a boomerang.
The boomerang hits you.
* * * LOW HITPOINT WARNING * * *
The orc throws a boomerang.
The boomerang hits you.
You die...

....# #........##..#.# ....#
#............#.# ....#
#............#.# #####
#............### #
#........)...# #
######........##..#
###.........o...##..#
.........#########..###
.........o......@....รท#
.........##.........###
..........'...........#
.........##...........#
.........##...........#
.........###########..##########
.....##### #.......#.#.# .....#
#........)#.# .....#
#.........#.#


You could see an orc.

Vanquished Creatures
  An orc wizard (D:3)
  3 adders
  A worm (D:2)
  2 dart slugs (D:2)
  3 orcs (D:3)
  7 ball pythons
  9 bats
  An endoplasm (D:2)
  2 giant cockroaches
  6 goblins
  2 hobgoblins (D:2)
  4 jackals (D:2)
  A quokka (D:2)
  4 frilled lizards
  6 kobolds
  3 rats
55 creatures vanquished.

Notes
Turn   | Place    | Note
-------+----------+-------------------------------------------
     0 | D:1      | mortz the Human Conjurer began the quest for the Orb.
     0 | D:1      | Reached XP level 1. HP: 13/13 MP: 3/3
   198 | D:1      | Reached XP level 2. HP: 19/19 MP: 3/5
   248 | D:1      | Found a faded altar of an unknown god.
   321 | D:1      | Learned a level 2 spell: Searing Ray
   826 | D:2      | Reached XP level 3. HP: 24/24 MP: 4/6
  1426 | D:2      | Reached XP level 4. HP: 30/30 MP: 4/7
  1809 | D:2      | Reached skill level 5 in Conjurations
  2619 | D:3      | Found a hide-covered altar of Uskayaw.
  2760 | D:3      | Reached XP level 5. HP: 34/35 MP: 0/8
  2813 | D:3      | Hit by a boomerang thrown by an orc

Illustrated notes

Levels and vault maps discovered:
D:1:      dpeg_arrival_arbitrary_a, layout_rooms, ebering_ecumenical_altar_webs
D:2:      layout_loops_ring
D:3:      layout_basic, mainiacjoe_overflow_boulevard, uniq_crazy_yiuf_cottage

Skill      XL: |  1  2  3  4 |
---------------+-------------+-----
Conjurations   | 5 |  5.2
Stealth        | 3 |  3.2
Dodging        | |  2.4
Spellcasting   | |  2.3

Action                   |  1- 3 |  4- 6 || total
-------------------------+-------+-------++-------
Melee: Short sword       |     2 |     2 ||     4
       Punch             |     1 |       ||     1
 Cast: Magic Dart        |    44 |    23 ||    67
       Searing Ray       |     2 |    12 ||    14
  Use: Scroll            |       |     2 ||     2
Armor: Robe              |     1 |     2 ||     3
Dodge: Dodged            |     9 |     3 ||    12
